AoeStats
← GUCCI

QS Arena

503673345Analyzed
4v4 RM · 1mo ago on Sep 1, 2026· 38m 0s· 8 players
Game mode
Random Map
Map size
Large (8 player)
Population
200
Speed
Normal
Resources
Standard
Victory
Conquest
Starting age
Dark Age
Ending age
Imperial Age
RankedLock teamsTeams togetherTeam positionsShared explorationLock speedFull tech treeHidden civsTurbo modeCheats
Victory
Defeat
🇺🇦 Dravidians · Ukraine
1360
+15
🇸🇪 Lithuanians · Sweden
1357
+15
🇨🇭 Italians · Switzerland
1329
+16
🇨🇭 Aztecs · Switzerland
1324
+16
🇩🇪 Chinese · Germany
1430
-20
🇷🇺 Koreans · Russia
1320
-15
🇳🇴 Bohemians · Norway
1301
-14
🇦🇷 Muisca · Argentina
1285
-13
Reis
7:38 Feudal Age
12:18 Castle Age
10:49 Double-Bit Axe
11:36 Loom
13:35 Bow Saw
13:42 Horse Collar
19:18 Wheelbarrow
20:19 Heavy Plow
22:17 Gold Mining
23:59 Gold Shaft Mining
23:52 Hand Cart
24:34 Stone Mining
28:39 Imperial Age
25:41 Eagle Warrior
26:23 Squires
26:09 Arson
26:37 Forging
26:28 Scale Mail Armor
28:13 Iron Casting
29:13 Chain Mail Armor
29:42 Garland Wars
29:43 Conscription
29:14 Elite Eagle Warrior
31:30 Blast Furnace
31:00 Plate Mail Armor
30:12 Man-at-Arms
F1NBLOO
8:33 Feudal Age
9:43 Double-Bit Axe
12:25 Castle Age
10:10 Horse Collar
13:21 Bow Saw
13:14 Heavy Plow
15:45 Wheelbarrow
19:13 Hand Cart
20:09 Gold Mining
20:48 Stone Mining
22:12 Stone Shaft Mining
25:40 Imperial Age
22:59 Loom
23:17 Fletching
23:28 Padded Archer Armor
24:00 Bodkin Arrow
23:37 Crossbowman
24:18 Town Watch
24:46 Thumb Ring
26:13 Ballistics
26:24 Leather Archer Armor
27:25 Chemistry
26:47 Ballistics
26:09 Arbalester
26:52 Bracer
33:46 Coinage
33:48 Masonry
33:18 Treadmill Crane
35:08 Caravan
jude
7:32 Feudal Age
11:29 Castle Age
10:05 Double-Bit Axe
10:43 Horse Collar
12:26 Bow Saw
18:33 Wheelbarrow
19:38 Gold Mining
20:31 Heavy Plow
21:22 Loom
21:23 Town Watch
21:55 Hand Cart
25:45 Imperial Age
24:26 Fletching
24:36 Padded Archer Armor
24:59 Ballistics
26:16 Husbandry
26:33 Leather Archer Armor
26:14 Bodkin Arrow
27:37 Chemistry
27:02 Elite Elephant Archer
27:48 Thumb Ring
28:14 Ring Archer Armor
29:08 Bracer
30:19 Conscription
30:06 Medical Corps
30:36 Light Cavalry
31:22 Scale Barding Armor
31:28 Forging
32:32 Wootz Steel
33:48 Chain Barding Armor
34:04 Iron Casting
38:49 Masonry
Stuve
9:03 Feudal Age
10:35 Double-Bit Axe
13:18 Castle Age
11:44 Horse Collar
15:25 Bow Saw
16:11 Wheelbarrow
16:37 Heavy Plow
17:32 Gold Mining
18:57 Scale Barding Armor
19:03 Forging
19:09 Pikeman
19:49 Squires
20:16 Stone Mining
21:19 Scale Mail Armor
23:59 Chain Mail Armor
24:43 Man-at-Arms
29:20 Imperial Age
28:26 Iron Casting
27:52 Loom
29:52 Hand Cart
30:16 Tower Shields
29:51 Halberdier
31:25 Arson
31:29 Town Watch
33:16 Hoardings
32:43 Fletching
32:53 Padded Archer Armor
33:14 Chain Barding Armor
33:59 Two-Man Saw
33:39 Conscription
33:58 Bloodlines
33:48 Husbandry
33:45 Bodkin Arrow
34:19 Fortified Wall
34:19 Masonry
34:07 Elite Leitis
34:31 Light Cavalry
35:31 Winged Hussar
37:25 Bracer
38:01 Plate Barding Armor
37:28 Bracer
37:59 Architecture
37:25 Murder Holes
38:31 Chemistry
37:51 Ballistics
38:05 Crop Rotation
37:50 Leather Archer Armor
37:46 Caravan
GUCCI
8:22 Feudal Age
14:13 Castle Age
12:38 Double-Bit Axe
12:42 Horse Collar
16:51 Wheelbarrow
16:29 Bow Saw
21:51 Fervor
22:16 Hand Cart
21:47 Loom
23:13 Heavy Plow
23:47 Town Watch
28:56 Imperial Age
27:29 Ballistics
28:09 Chemistry
27:27 Padded Archer Armor
27:18 Fletching
27:47 Town Patrol
31:24 Two-Man Saw
31:09 Leather Archer Armor
30:49 Bodkin Arrow
31:47 Fortified Wall
31:32 Murder Holes
31:48 Masonry
32:30 Ring Archer Armor
37:15 Bracer
Espresso
8:24 Feudal Age
12:15 Castle Age
10:34 Double-Bit Axe
11:16 Horse Collar
13:36 Bow Saw
13:46 Bow Saw
13:55 Loom
17:07 Gold Mining
18:29 Wheelbarrow
20:05 Hand Cart
24:06 Imperial Age
21:23 Loom
21:23 Town Watch
22:23 Heavy Plow
23:24 Gold Shaft Mining
23:45 Fletching
24:18 Ballistics
23:31 Crossbowman
24:09 Stone Mining
24:49 Thumb Ring
24:41 Bodkin Arrow
24:22 Arbalester
25:08 Padded Archer Armor
26:17 Chemistry
26:21 Two-Man Saw
25:45 Bracer
26:26 Padded Archer Armor
26:46 Elite Skirmisher
27:42 Leather Archer Armor
30:20 Ring Archer Armor
30:01 Masonry
29:47 Murder Holes
30:41 Stone Shaft Mining
30:41 Fortified Wall
36:13 Conscription
elgalle02
8:54 Feudal Age
13:19 Castle Age
12:23 Double-Bit Axe
12:36 Horse Collar
14:28 Heavy Plow
17:35 Wheelbarrow
19:14 Bow Saw
19:41 Loom
26:02 Imperial Age
24:09 Hand Cart
23:40 Town Watch
24:34 Scale Mail Armor
24:45 Forging
25:43 Squires
27:23 Chain Mail Armor
27:43 Iron Casting
28:06 Champi Runner
31:01 Plate Mail Armor
30:21 Champi Warrior
32:34 Hoardings
31:24 Elite Champi Warrior
Welldone
7:44 Feudal Age
15:03 Castle Age
13:56 Horse Collar
14:12 Gold Mining
14:15 Stone Mining
14:37 Double-Bit Axe
15:44 Heavy Plow
17:57 Loom
19:49 Scale Mail Armor
20:37 Man-at-Arms
23:22 Chain Mail Armor
24:35 Wheelbarrow
25:21 Gold Mining
28:37 Hand Cart
32:16 Imperial Age
30:04 Fletching
30:30 Bow Saw
32:34 Heavy Rocket Cart
33:40 Heavy Rocket Cart
35:23 Gold Shaft Mining
37:38 Bodkin Arrow
Connection lost

Rejoining the realm…

Still unreachable

The connection could not be restored.

Session expired

The server has moved on; the page needs a fresh start.